Coyotes vs Canucks
Created - 22 octobre 2014 at 23:06
Goals
|
| Coyotes |
1 |
1 |
1 |
3 |
| Canucks |
2 |
2 |
1 |
5 |
|
Shots
|
| Coyotes |
10 |
9 |
10 |
29 |
| Canucks |
12 |
15 |
10 |
37 |
|
1st period
1. Canucks , Joe Sakic 2 (Sami Lepisto, David Jones) at 0:58 (PP)
2. Coyotes , Chris Stewart 5 (Frans Nielsen) at 12:18
3. Canucks , Maxim Lapierre 2 (Fabian Brunnstrom) at 19:04
Penalties :
Marian Gaborik (Ari) for Hooking (Minor) at 0:11, David Jones (Van) for Holding (Minor) at 7:09, Marian Gaborik (Ari) for High sticking (Minor) at 12:40
2nd period
4. Canucks , Jaromir Jagr 6 (Matt Stajan, Peter Worrell) at 2:36
5. Canucks , Alex Tanguay 3 (Ryan Craig) at 11:59
6. Coyotes , Tim Connolly 8 (Marian Gaborik, Kurt Sauer) at 16:46
Penalties :
Steve Montador (Van) for Holding (Minor) at 2:59, Marian Gaborik (Ari) for Interference (Minor) at 13:23
3rd period
7. Coyotes , Denis Grebeshkov 3 (Marian Gaborik, Tim Connolly) at 0:12
8. Canucks , Joe Sakic 3 (Clarke MacArthur) at 6:48 (PP)
Penalties :
Anton Stralman (Ari) for Hooking (Minor) at 3:00, Frans Nielsen (Ari) for Cross-checking (Minor) at 5:44, Erik Cole (Ari) for High sticking (Minor) at 10:21, Marian Gaborik (Ari) for Roughing (Minor) at 14:03
Goalie Stats
Ryan Miller (Ari), 32 saves from 37 shots - (0,865), L, 5-4-2, 60:00 minutes
Carey Price (Van), 26 saves from 29 shots - (0,897), W, 4-7-2, 60:00 minutes
Players Stats for Coyotes
Player Name G A P +/- PIM S H SB GA TA FO MP PP MP PK MP
------------------------------------------------------------------------------------
Adrian Aucoin 0 0 0 -1 0 1 0 1 0 2 0/0 18:58 2:17 0:18
Anton Stralman 0 0 0 -1 2 1 1 3 0 0 0/0 18:10 1:41 4:04
Boyd Devereaux 0 0 0 -2 0 2 3 0 0 2 17/23 16:52 0:00 6:38
Brenden Morrow 0 0 0 1 0 3 2 1 0 0 2/3 15:17 2:04 0:30
Brian Rafalski 0 0 0 2 0 0 0 1 0 1 0/0 16:24 1:41 0:00
Chad Larose 0 0 0 -2 0 1 1 0 1 0 1/2 16:22 0:00 6:30
Chris Stewart 1 0 1 1 0 3 0 0 0 0 0/2 14:21 1:54 0:00
Denis Grebeshkov 1 0 1 -1 0 2 1 2 0 0 0/0 24:05 2:17 5:26
Drew Miller 0 0 0 2 0 1 1 0 0 0 0/0 16:47 1:54 0:48
Erik Christensen 0 0 0 -1 0 2 2 0 1 1 1/3 7:45 0:00 0:00
Erik Cole 0 0 0 -2 2 1 0 0 0 0 0/0 12:46 0:00 4:04
Frans Nielsen 0 1 1 1 2 1 0 0 0 0 4/8 13:59 1:54 0:00
Jiri Fischer 0 0 0 -1 0 0 1 2 0 0 0/0 20:13 0:00 7:02
Kurt Sauer 0 1 1 2 0 0 1 3 0 1 0/0 22:11 0:00 6:42
Lukas Krajicek 0 0 0 -1 0 1 0 0 0 0 0/0 7:45 0:00 0:00
Marian Gaborik 0 2 2 2 8 7 2 1 6 0 1/2 17:19 2:04 0:00
Tim Connolly 1 1 2 2 0 3 0 1 0 0 13/24 16:06 2:04 0:00
Vaclav Varada 0 0 0 -1 0 0 0 1 0 0 0/4 12:47 0:00 5:02
Players Stats for Canucks
Player Name G A P +/- PIM S H SB GA TA FO MP PP MP PK MP
------------------------------------------------------------------------------------
Alex Tanguay 1 0 1 1 0 2 1 0 1 0 0/1 7:32 0:00 0:27
Chris Phillips 0 0 0 1 0 1 1 2 0 2 0/0 19:00 3:56 1:23
Clarke MacArthur 0 1 1 -3 0 4 0 2 1 0 0/0 18:16 4:53 0:00
David Jones 0 1 1 -3 2 1 0 0 1 0 1/1 18:22 4:53 0:00
Fabian Brunnstrom 0 1 1 1 0 1 3 1 0 0 0/1 11:07 0:00 0:00
Jaromir Jagr 1 0 1 1 0 6 2 0 0 0 4/6 22:43 6:53 2:09
Jeremy Williams 0 0 0 1 0 0 2 0 0 0 0/0 5:58 0:00 0:00
Joe Sakic 2 0 2 -3 0 3 1 0 1 0 10/19 19:32 4:53 1:16
Karl Alzner 0 0 0 0 0 0 0 0 0 1 0/0 14:06 0:00 1:13
Kim Johnsson 0 0 0 -1 0 3 3 0 0 1 0/0 28:20 7:50 2:35
Matt Stajan 0 1 1 1 0 4 0 0 0 1 14/35 22:42 6:53 2:08
Maxim Lapierre 1 0 1 1 0 4 2 0 1 0 0/2 11:54 0:00 0:40
Nikolai Zherdev 0 0 0 1 0 1 3 0 0 0 0/0 10:07 0:00 0:00
Peter Worrell 0 1 1 1 0 4 0 0 0 1 1/3 21:37 6:53 1:16
Ryan Craig 0 1 1 1 0 0 0 0 0 0 2/3 5:58 0:00 0:00
Sami Lepisto 0 1 1 1 0 1 1 1 0 1 0/0 19:00 3:56 1:23
Steve Montador 0 0 0 -1 2 2 2 0 2 0 0/0 27:06 7:50 1:22
Taylor Chorney 0 0 0 0 0 0 0 0 0 1 0/0 12:40 0:00 0:00
3 Stars
1 - Tim Connolly (Ari)
2 - Jaromir Jagr (Van)
3 - Maxim Lapierre (Van)
Power Play
Coyotes - 0 on 2 Attempt(s) - 0,00%
Canucks - 2 on 7 Attempt(s) - 28,57%
Penalty Kill
Coyotes - 5 on 7 Attempt(s) - 71,43%
- Score 0 goal in Penalty Kill
Canucks - 2 on 2 Attempt(s) - 100,00%
- Score 0 goal in Penalty Kill
Official
Referees : Peel Tim and Sutherland Kelly
Linesman : David Brisebois and Don Henderson
Game Notes
No Game Note
Finance
Level 1 -- Attendance: 4311 (71,85%) -- Ticket Income 396 612 $
Level 2 -- Attendance: 5000 (100,00%) -- Ticket Income 260 000 $
Level 3 -- Attendance: 1715 (85,75%) -- Ticket Income 51 450 $
Level 4 -- Attendance: 3938 (98,45%) -- Ticket Income 66 946 $
Luxury Box -- Attendance: 1000 (100,00%) -- Ticket Income 100 000 $
Game was played at the Budweiser Coliseum
Total Attendance: 15964 (88,69%)
Total Ticket Income: 875 008 $
Other Income: 131 251 $
Total Income: 1 006 259 $
Coyotes
5 vs 5 Forward
Center Left Wing Right Wing Time % Phy DF OF
1 Tim Connolly Drew Miller Marian Gaborik 34 1 0 4
2 Frans Nielsen Brenden Morrow Chris Stewart 30 1 1 3
3 Boyd Devereaux Erik Cole Chad Larose 20 2 2 1
4 Erik Christensen Lukas Krajicek Vaclav Varada 16 2 2 1
5 vs 5 Defense
Defense Defense Time % Phy DF OF
1 Denis Grebeshkov Adrian Aucoin 38 1 1 3
2 Kurt Sauer Brian Rafalski 34 1 2 2
3 Jiri Fischer Anton Stralman 26 2 2 1
4 Kurt Sauer Denis Grebeshkov 2 1 1 3
PowerPlay Forward
Center Left Wing Right Wing Time % Phy DF OF
1 Tim Connolly Brenden Morrow Marian Gaborik 55 1 0 4
2 Frans Nielsen Drew Miller Chris Stewart 45 1 0 4
PowerPlay Defense
Defense Defense Time % Phy DF OF
1 Denis Grebeshkov Adrian Aucoin 55 0 1 4
2 Brian Rafalski Anton Stralman 45 1 0 4
Penalty Kill 4 Players Forward
Center Wing Time % Phy DF OF
1 Boyd Devereaux Chad Larose 52 1 3 1
2 Vaclav Varada Erik Cole 48 1 3 1
Penalty Kill 4 Players Defense
Defense Defense Time % Phy DF OF
1 Kurt Sauer Jiri Fischer 52 1 4 0
2 Anton Stralman Denis Grebeshkov 48 1 4 0
Penalty Kill - 3 Players Forward
Forward Time % Phy DF OF
1 Chad Larose 53 0 5 0
2 Drew Miller 47 1 4 0
Penalty Kill - 3 Players Defense
Defense Defense Time % Phy DF OF
1 Jiri Fischer Kurt Sauer 53 1 4 0
2 Adrian Aucoin Denis Grebeshkov 47 1 4 0
4 vs 4 Forward
Center Wing Time % Phy DF OF
1 Tim Connolly Marian Gaborik 52 0 1 4
2 Frans Nielsen Drew Miller 48 0 2 3
4 vs 4 Defense
Defense Defense Time % Phy DF OF
1 Kurt Sauer Brian Rafalski 52 1 2 2
2 Denis Grebeshkov Jiri Fischer 48 1 2 2
Last Minutes Offensive
Center Left Wing Right Wing Defense Defense
Tim Connolly Frans Nielsen Marian Gaborik Denis Grebeshkov Brian Rafalski
Last Minutes Defensive
Center Left Wing Right Wing Defense Defense
Boyd Devereaux Drew Miller Chad Larose Kurt Sauer Jiri Fischer
Goaltenders
Starting : Ryan Miller
Backup : Marc Denis
Extra Forwards
Normal : Marian Gaborik, Drew Miller, Chris Stewart - PP : Marian Gaborik, Chris Stewart - PK : Drew Miller
Extra Defensemen
Normal : Denis Grebeshkov, Kurt Sauer, Anton Stralman - PP : Denis Grebeshkov - PK : Jiri Fischer, Kurt Sauer
Penalty Shots
Marian Gaborik, Chris Stewart, Erik Christensen, Frans Nielsen, Brenden Morrow
Canucks
5 vs 5 Forward
Center Left Wing Right Wing Time % Phy DF OF
1 Matt Stajan Peter Worrell Jaromir Jagr 38 0 2 3
2 Joe Sakic Clarke MacArthur David Jones 38 0 2 3
3 Maxim Lapierre Fabian Brunnstrom Nikolai Zherdev 23 0 2 3
4 Ryan Craig Alex Tanguay Jeremy Williams 1 0 3 2
5 vs 5 Defense
Defense Defense Time % Phy DF OF
1 Steve Montador Kim Johnsson 40 1 2 2
2 Chris Phillips Sami Lepisto 30 1 2 2
3 Taylor Chorney Karl Alzner 20 1 2 2
4 Steve Montador Kim Johnsson 10 1 2 2
PowerPlay Forward
Center Left Wing Right Wing Time % Phy DF OF
1 Matt Stajan Peter Worrell Jaromir Jagr 60 1 2 2
2 Joe Sakic Clarke MacArthur David Jones 40 1 2 2
PowerPlay Defense
Defense Defense Time % Phy DF OF
1 Steve Montador Kim Johnsson 60 1 2 2
2 Chris Phillips Sami Lepisto 40 1 2 2
Penalty Kill 4 Players Forward
Center Wing Time % Phy DF OF
1 Jaromir Jagr Matt Stajan 60 1 2 2
2 Peter Worrell Joe Sakic 40 1 2 2
Penalty Kill 4 Players Defense
Defense Defense Time % Phy DF OF
1 Steve Montador Kim Johnsson 60 1 2 2
2 Chris Phillips Sami Lepisto 40 1 2 2
Penalty Kill - 3 Players Forward
Forward Time % Phy DF OF
1 Jaromir Jagr 60 1 2 2
2 Matt Stajan 40 1 2 2
Penalty Kill - 3 Players Defense
Defense Defense Time % Phy DF OF
1 Steve Montador Kim Johnsson 60 1 2 2
2 Chris Phillips Sami Lepisto 40 1 2 2
4 vs 4 Forward
Center Wing Time % Phy DF OF
1 Jaromir Jagr Matt Stajan 60 1 2 2
2 Peter Worrell Joe Sakic 40 1 2 2
4 vs 4 Defense
Defense Defense Time % Phy DF OF
1 Steve Montador Kim Johnsson 60 1 2 2
2 Chris Phillips Sami Lepisto 40 1 2 2
Last Minutes Offensive
Center Left Wing Right Wing Defense Defense
Matt Stajan Peter Worrell Jaromir Jagr Steve Montador Kim Johnsson
Last Minutes Defensive
Center Left Wing Right Wing Defense Defense
Matt Stajan Peter Worrell Jaromir Jagr Steve Montador Kim Johnsson
Goaltenders
Starting : Carey Price
Backup : José Theodore
Extra Forwards
Normal : Fabian Brunnstrom, Alex Tanguay, Maxim Lapierre - PP : Fabian Brunnstrom, Alex Tanguay - PK : Maxim Lapierre
Extra Defensemen
Normal : Taylor Chorney, Karl Alzner, Chris Phillips - PP : Taylor Chorney - PK : Karl Alzner, Chris Phillips
Penalty Shots
Jaromir Jagr, Matt Stajan, Peter Worrell, Joe Sakic, Clarke MacArthur
% Time on Ice - Coyotes
Lines # - Real PCT - Wanted PCT - Time Play
Normal Forward
1 - 35% - 34% - 15:42
2 - 28% - 30% - 12:15
3 - 19% - 20% - 8:34
4 - 18% - 16% - 7:45
Normal Defense
1 - 40% - 38% - 17:45
2 - 35% - 34% - 15:35
3 - 25% - 26% - 10:56
4 - 0% - 2% - 0:00
PP Forward
1 - 52% - 55% - 2:04
2 - 48% - 45% - 1:54
PP Defense
1 - 58% - 55% - 2:17
2 - 42% - 45% - 1:41
PK Forward
1 - 55% - 52% - 6:30
2 - 45% - 48% - 5:16
PK Defense
1 - 51% - 52% - 6:02
2 - 49% - 48% - 5:44
PK3 Forward
1 - 0% - 53%
2 - 0% - 47%
PK3 Defense
1 - 0% - 53%
2 - 0% - 47%
44 Forward
1 - 0% - 52%
2 - 0% - 48%
44 Defense
1 - 0% - 52%
2 - 0% - 48%
Last Minute Offensive - 0:00
Last Minute Defensive - 0:00
Total
Forward - 60:00
Defense - 60:00
|
% Time on Ice - Canucks
Lines # - Real PCT - Wanted PCT - Time Play
Normal Forward
1 - 30% - 38% - 13:28
2 - 33% - 38% - 14:43
3 - 23% - 23% - 10:07
4 - 13% - 1% - 5:58
Normal Defense
1 - 39% - 40% - 17:13
2 - 31% - 30% - 13:41
3 - 29% - 20% - 12:40
4 - 2% - 10% - 0:42
PP Forward
1 - 58% - 60% - 6:53
2 - 42% - 40% - 4:53
PP Defense
1 - 67% - 60% - 7:50
2 - 33% - 40% - 3:56
PK Forward
1 - 68% - 60% - 2:42
2 - 32% - 40% - 1:16
PK Defense
1 - 65% - 60% - 2:35
2 - 35% - 40% - 1:23
PK3 Forward
1 - 0% - 60%
2 - 0% - 40%
PK3 Defense
1 - 0% - 60%
2 - 0% - 40%
44 Forward
1 - 0% - 60%
2 - 0% - 40%
44 Defense
1 - 0% - 60%
2 - 0% - 40%
Last Minute Offensive - 0:00
Last Minute Defensive - 0:00
Total
Forward - 60:00
Defense - 60:00
|
Play by Play
1st period
0:01 of 1st period - Jaromir Jagr wins face-off versus Tim Connolly in neutral zone.
0:08 of 1st period - Slapshot by Jaromir Jagr.
0:08 of 1st period - Deflect By Matt Stajan.
0:08 of 1st period - Shot Blocked by Denis Grebeshkov.
0:08 of 1st period - Puck is out of play.
0:09 of 1st period - Tim Connolly wins face-off versus Matt Stajan in Coyotes zone.
0:11 of 1st period - Minor Penalty to Marian Gaborik for Hooking.
0:12 of 1st period - Boyd Devereaux wins face-off versus Matt Stajan in Coyotes zone.
0:24 of 1st period - Snap shot by Jaromir Jagr.
0:24 of 1st period - Shot Misses the Net.
0:26 of 1st period - Slapshot by Kim Johnsson.
0:26 of 1st period - Stopped by Ryan Miller with a rebound.
0:28 of 1st period - Slapshot by Kim Johnsson.
0:28 of 1st period - Stopped by Ryan Miller without a rebound.
0:29 of 1st period - Joe Sakic wins face-off versus Boyd Devereaux in Coyotes zone.
0:40 of 1st period - Snap shot by Clarke MacArthur.
0:40 of 1st period - Stopped by Ryan Miller without a rebound.
0:41 of 1st period - Boyd Devereaux wins face-off versus Matt Stajan in Coyotes zone.
0:50 of 1st period - Snap shot by Matt Stajan.
0:50 of 1st period - Shot Blocked by Anton Stralman.
0:52 of 1st period - Slapshot by Kim Johnsson.
0:52 of 1st period - Deflect By Jaromir Jagr.
0:52 of 1st period - Stopped by Ryan Miller without a rebound.
0:53 of 1st period - Joe Sakic wins face-off versus Vaclav Varada in Coyotes zone.
0:56 of 1st period - Snap shot by David Jones.
0:56 of 1st period - Shot Misses the Net.
0:58 of 1st period - Slapshot by Sami Lepisto.
0:58 of 1st period - Deflect By Joe Sakic.
0:58 of 1st period - Goal by Joe Sakic - Coyotes : 0 - Canucks : 1.
0:59 of 1st period - Frans Nielsen wins face-off versus Joe Sakic in neutral zone.
1:06 of 1st period - Snap shot by Chris Stewart.
1:06 of 1st period - Stopped by Carey Price without a rebound.
1:07 of 1st period - Joe Sakic wins face-off versus Frans Nielsen in Canucks zone.
1:35 of 1st period - Wrist shot by Joe Sakic.
1:35 of 1st period - Stopped by Ryan Miller without a rebound.
1:36 of 1st period - Matt Stajan wins face-off versus Marian Gaborik in Coyotes zone.
1:43 of 1st period - Slapshot by Matt Stajan.
1:43 of 1st period - Shot Misses the Net.
2:23 of 1st period - Slapshot by Lukas Krajicek.
2:23 of 1st period - Shot Blocked by Clarke MacArthur.
2:49 of 1st period - Icing by Anton Stralman.
2:50 of 1st period - Brenden Morrow wins face-off versus Matt Stajan in Coyotes zone.
2:55 of 1st period - Snap shot by Chris Stewart.
2:55 of 1st period - Stopped by Carey Price without a rebound.
2:56 of 1st period - Tim Connolly wins face-off versus Matt Stajan in Canucks zone.
4:40 of 1st period - Karl Alzner is hit by Chad Larose and loses puck.
5:18 of 1st period - Slapshot by Frans Nielsen.
5:18 of 1st period - Deflect By Chris Stewart.
5:18 of 1st period - Deflect By Jaromir Jagr.
5:18 of 1st period - Shot Blocked by Sami Lepisto.
5:18 of 1st period - Puck is out of play.
5:19 of 1st period - Matt Stajan wins face-off versus Chris Stewart in Canucks zone.
6:10 of 1st period - Slapshot by Maxim Lapierre.
6:10 of 1st period - Shot Misses the Net.
6:12 of 1st period - Snap shot by Maxim Lapierre.
6:12 of 1st period - Stopped by Ryan Miller without a rebound.
6:13 of 1st period - Matt Stajan wins face-off versus Frans Nielsen in Coyotes zone.
6:40 of 1st period - Kurt Sauer is hit by Kim Johnsson and loses puck.
7:07 of 1st period - Wrist shot by Drew Miller.
7:07 of 1st period - Stopped by Carey Price with a rebound.
7:09 of 1st period - Minor Penalty to David Jones for Holding.
7:10 of 1st period - Jaromir Jagr wins face-off versus Frans Nielsen in Canucks zone.
7:39 of 1st period - Snap shot by Tim Connolly.
7:39 of 1st period - Stopped by Carey Price without a rebound.
7:40 of 1st period - Jaromir Jagr wins face-off versus Tim Connolly in Canucks zone.
8:23 of 1st period - Matt Stajan is hit by Brenden Morrow and loses puck.
9:09 of 1st period - Penalty to David Jones is over, David Jones is back on ice.
9:31 of 1st period - Snap shot by Erik Cole.
9:31 of 1st period - Deflect By Taylor Chorney.
9:31 of 1st period - Shot Misses the Net.
9:31 of 1st period - Puck is out of play.
9:32 of 1st period - Joe Sakic wins face-off versus Erik Christensen in Canucks zone.
10:05 of 1st period - Slapshot by Adrian Aucoin.
10:05 of 1st period - Stopped by Carey Price without a rebound.
10:06 of 1st period - Tim Connolly wins face-off versus Fabian Brunnstrom in Canucks zone.
10:41 of 1st period - Snap shot by Jaromir Jagr.
10:41 of 1st period - Shot Misses the Net.
10:45 of 1st period - Snap shot by Jaromir Jagr.
10:45 of 1st period - Stopped by Ryan Miller with a rebound.
10:59 of 1st period - Snap shot by Erik Cole.
10:59 of 1st period - Shot Misses the Net.
11:01 of 1st period - Slapshot by Anton Stralman.
11:01 of 1st period - Stopped by Carey Price without a rebound.
11:02 of 1st period - Tim Connolly wins face-off versus Matt Stajan in Canucks zone.
11:03 of 1st period - Wrist shot by Marian Gaborik.
11:03 of 1st period - Stopped by Carey Price without a rebound.
11:04 of 1st period - Tim Connolly wins face-off versus Matt Stajan in Canucks zone.
11:05 of 1st period - Snap shot by Marian Gaborik.
11:05 of 1st period - Stopped by Carey Price without a rebound.
11:06 of 1st period - Tim Connolly wins face-off versus Matt Stajan in Canucks zone.
11:17 of 1st period - Snap shot by Jaromir Jagr.
11:17 of 1st period - Stopped by Ryan Miller with a rebound.
11:19 of 1st period - Snap shot by Kim Johnsson.
11:19 of 1st period - Shot Misses the Net.
11:32 of 1st period - Off-side.
11:33 of 1st period - Frans Nielsen wins face-off versus Joe Sakic in neutral zone.
11:38 of 1st period - David Jones is hit by Brenden Morrow and loses puck.
11:53 of 1st period - Wrist shot by Joe Sakic.
11:53 of 1st period - Shot Misses the Net.
11:55 of 1st period - Slapshot by Sami Lepisto.
11:55 of 1st period - Shot Blocked by Brenden Morrow.
12:18 of 1st period - Backhand shot by Chris Stewart.
12:18 of 1st period - Goal by Chris Stewart - Coyotes : 1 - Canucks : 1.
12:19 of 1st period - Matt Stajan wins face-off versus Tim Connolly in neutral zone.
12:40 of 1st period - Minor Penalty to Marian Gaborik for High sticking.
12:41 of 1st period - Boyd Devereaux wins face-off versus Matt Stajan in Coyotes zone.
13:06 of 1st period - Steve Montador is hit by Jiri Fischer and loses puck.
13:19 of 1st period - Snap shot by Denis Grebeshkov.
13:19 of 1st period - Stopped by Carey Price without a rebound.
13:20 of 1st period - Matt Stajan wins face-off versus Boyd Devereaux in Canucks zone.
14:40 of 1st period - Penalty to Marian Gaborik is over, Marian Gaborik is back on ice.
14:44 of 1st period - Boyd Devereaux is hit by Fabian Brunnstrom.
15:11 of 1st period - Wrist shot by Matt Stajan.
15:11 of 1st period - Shot Misses the Net.
16:03 of 1st period - Anton Stralman is hit by Jeremy Williams and loses puck.
16:16 of 1st period - Alex Tanguay is hit by Erik Christensen and loses puck.
16:43 of 1st period - Chris Stewart is hit by Maxim Lapierre.
16:59 of 1st period - Snap shot by Peter Worrell.
16:59 of 1st period - Deflect By Jaromir Jagr.
16:59 of 1st period - Stopped by Ryan Miller with a rebound.
17:01 of 1st period - Snap shot by Jaromir Jagr.
17:01 of 1st period - Stopped by Ryan Miller with a rebound.
17:26 of 1st period - Chris Phillips is hit by Marian Gaborik and loses puck.
17:33 of 1st period - Tim Connolly is hit by Jeremy Williams.
18:06 of 1st period - Peter Worrell is hit by Anton Stralman and loses puck.
18:28 of 1st period - Snap shot by Drew Miller.
18:28 of 1st period - Shot Blocked by Clarke MacArthur.
18:44 of 1st period - Kurt Sauer is hit by Kim Johnsson and loses puck.
18:57 of 1st period - Denis Grebeshkov is hit by Nikolai Zherdev and loses puck.
19:02 of 1st period - Snap shot by Maxim Lapierre.
19:02 of 1st period - Shot Misses the Net.
19:04 of 1st period - Wrist shot by Maxim Lapierre.
19:04 of 1st period - Goal by Maxim Lapierre - Coyotes : 1 - Canucks : 2.
19:05 of 1st period - Tim Connolly wins face-off versus Matt Stajan in neutral zone.
19:14 of 1st period - Wrist shot by Marian Gaborik.
19:14 of 1st period - Shot Misses the Net.
19:32 of 1st period - Marian Gaborik is hit by Fabian Brunnstrom and loses puck.
Goals for this period are 1 for Coyotes vs 2 for Canucks.
Shots for this period are 10 for Coyotes vs 12 for Canucks.
2nd period
0:01 of 2nd period - Frans Nielsen wins face-off versus Matt Stajan in neutral zone.
0:04 of 2nd period - Slapshot by Denis Grebeshkov.
0:04 of 2nd period - Shot Misses the Net.
0:38 of 2nd period - Wrist shot by Maxim Lapierre.
0:38 of 2nd period - Stopped by Ryan Miller with a rebound.
1:11 of 2nd period - Matt Stajan is hit by Kurt Sauer and loses puck.
2:02 of 2nd period - Snap shot by Matt Stajan.
2:02 of 2nd period - Stopped by Ryan Miller without a rebound.
2:03 of 2nd period - Brenden Morrow wins face-off versus Joe Sakic in Coyotes zone.
2:36 of 2nd period - Snap shot by Jaromir Jagr.
2:36 of 2nd period - Goal by Jaromir Jagr - Coyotes : 1 - Canucks : 3.
2:37 of 2nd period - Joe Sakic wins face-off versus Tim Connolly in neutral zone.
2:54 of 2nd period - Slapshot by Tim Connolly.
2:54 of 2nd period - Stopped by Carey Price without a rebound.
2:55 of 2nd period - Boyd Devereaux wins face-off versus Matt Stajan in Canucks zone.
2:59 of 2nd period - Minor Penalty to Steve Montador for Holding.
3:00 of 2nd period - Tim Connolly wins face-off versus Jaromir Jagr in Canucks zone.
3:39 of 2nd period - Frans Nielsen is hit by Kim Johnsson.
4:59 of 2nd period - Penalty to Steve Montador is over, Steve Montador is back on ice.
5:04 of 2nd period - Jaromir Jagr is hit by Boyd Devereaux and loses puck.
5:11 of 2nd period - Snap shot by Erik Cole.
5:11 of 2nd period - Stopped by Carey Price without a rebound.
5:12 of 2nd period - Boyd Devereaux wins face-off versus Joe Sakic in Canucks zone.
5:43 of 2nd period - Wrist shot by Erik Christensen.
5:43 of 2nd period - Stopped by Carey Price with a rebound.
6:20 of 2nd period - Tim Connolly is hit by Steve Montador and loses puck.
6:43 of 2nd period - Wrist shot by Erik Cole.
6:43 of 2nd period - Shot Misses the Net.
6:59 of 2nd period - Fabian Brunnstrom is hit by Erik Christensen and loses puck.
7:12 of 2nd period - Erik Christensen is hit by Nikolai Zherdev and loses puck.
8:27 of 2nd period - Snap shot by David Jones.
8:27 of 2nd period - Shot Blocked by Denis Grebeshkov.
8:29 of 2nd period - Snap shot by David Jones.
8:29 of 2nd period - Deflect By Adrian Aucoin.
8:29 of 2nd period - Stopped by Ryan Miller without a rebound.
8:30 of 2nd period - Matt Stajan wins face-off versus Tim Connolly in Coyotes zone.
9:04 of 2nd period - Erik Cole is hit by Nikolai Zherdev.
9:30 of 2nd period - Alex Tanguay is hit by Marian Gaborik and loses puck.
10:40 of 2nd period - Icing by Brian Rafalski.
10:41 of 2nd period - Matt Stajan wins face-off versus Erik Christensen in Coyotes zone.
10:56 of 2nd period - Snap shot by Matt Stajan.
10:56 of 2nd period - Shot Blocked by Brian Rafalski.
11:14 of 2nd period - Marian Gaborik is hit by Joe Sakic and loses puck.
11:51 of 2nd period - Backhand shot by Alex Tanguay.
11:51 of 2nd period - Stopped by Ryan Miller without a rebound.
11:52 of 2nd period - Ryan Craig wins face-off versus Boyd Devereaux in Coyotes zone.
11:57 of 2nd period - Slapshot by Alex Tanguay.
11:57 of 2nd period - Shot Blocked by Anton Stralman.
11:59 of 2nd period - Snap shot by Alex Tanguay.
11:59 of 2nd period - Goal by Alex Tanguay - Coyotes : 1 - Canucks : 4.
12:00 of 2nd period - Matt Stajan wins face-off versus Tim Connolly in neutral zone.
12:05 of 2nd period - Wrist shot by Matt Stajan.
12:05 of 2nd period - Shot Misses the Net.
12:07 of 2nd period - Wrist shot by Peter Worrell.
12:07 of 2nd period - Stopped by Ryan Miller without a rebound.
12:08 of 2nd period - Tim Connolly wins face-off versus Matt Stajan in Coyotes zone.
12:08 of 2nd period - Tim Connolly is hit by Jaromir Jagr.
12:34 of 2nd period - Slapshot by Peter Worrell.
12:34 of 2nd period - Stopped by Ryan Miller without a rebound.
12:35 of 2nd period - Joe Sakic wins face-off versus Frans Nielsen in Coyotes zone.
13:02 of 2nd period - Snap shot by Fabian Brunnstrom.
13:02 of 2nd period - Stopped by Ryan Miller with a rebound.
13:04 of 2nd period - Snap shot by Nikolai Zherdev.
13:04 of 2nd period - Shot Misses the Net.
13:06 of 2nd period - Slapshot by Kim Johnsson.
13:06 of 2nd period - Stopped by Ryan Miller with a rebound.
13:08 of 2nd period - Slapshot by Maxim Lapierre.
13:08 of 2nd period - Shot Misses the Net.
13:10 of 2nd period - Wrist shot by Nikolai Zherdev.
13:10 of 2nd period - Stopped by Ryan Miller with a rebound.
13:12 of 2nd period - Snap shot by Fabian Brunnstrom.
13:12 of 2nd period - Shot Misses the Net.
13:23 of 2nd period - Minor Penalty to Marian Gaborik for Interference.
13:24 of 2nd period - Boyd Devereaux wins face-off versus Peter Worrell in Coyotes zone.
13:39 of 2nd period - Snap shot by Jaromir Jagr.
13:39 of 2nd period - Shot Misses the Net.
13:54 of 2nd period - Snap shot by Clarke MacArthur.
13:54 of 2nd period - Stopped by Ryan Miller with a rebound.
13:56 of 2nd period - Slapshot by Steve Montador.
13:56 of 2nd period - Deflect By Denis Grebeshkov.
13:56 of 2nd period - Stopped by Ryan Miller without a rebound.
13:57 of 2nd period - Matt Stajan wins face-off versus Boyd Devereaux in Coyotes zone.
14:22 of 2nd period - Snap shot by Clarke MacArthur.
14:22 of 2nd period - Deflect By David Jones.
14:22 of 2nd period - Shot Blocked by Kurt Sauer.
14:22 of 2nd period - Puck is out of play.
14:23 of 2nd period - Joe Sakic wins face-off versus Vaclav Varada in Coyotes zone.
14:50 of 2nd period - Wrist shot by Boyd Devereaux.
14:50 of 2nd period - Stopped by Carey Price with a rebound.
14:55 of 2nd period - Off-side.
14:56 of 2nd period - Boyd Devereaux wins face-off versus Matt Stajan in neutral zone.
15:23 of 2nd period - Penalty to Marian Gaborik is over, Marian Gaborik is back on ice.
15:41 of 2nd period - Wrist shot by Frans Nielsen.
15:41 of 2nd period - Stopped by Carey Price without a rebound.
15:42 of 2nd period - Matt Stajan wins face-off versus Tim Connolly in Canucks zone.
15:55 of 2nd period - Slapshot by Matt Stajan.
15:55 of 2nd period - Deflect By Jaromir Jagr.
15:55 of 2nd period - Shot Blocked by Tim Connolly.
15:55 of 2nd period - Puck is out of play.
15:56 of 2nd period - David Jones wins face-off versus Tim Connolly in Coyotes zone.
16:03 of 2nd period - Slapshot by Clarke MacArthur.
16:03 of 2nd period - Stopped by Ryan Miller without a rebound.
16:04 of 2nd period - Tim Connolly wins face-off versus Joe Sakic in Coyotes zone.
16:38 of 2nd period - Snap shot by Frans Nielsen.
16:38 of 2nd period - Deflect By Brenden Morrow.
16:38 of 2nd period - Stopped by Carey Price without a rebound.
16:39 of 2nd period - Joe Sakic wins face-off versus Tim Connolly in Canucks zone.
16:46 of 2nd period - Snap shot by Tim Connolly.
16:46 of 2nd period - Goal by Tim Connolly - Coyotes : 2 - Canucks : 4.
16:47 of 2nd period - Marian Gaborik wins face-off versus Matt Stajan in neutral zone.
17:12 of 2nd period - David Jones is hit by Denis Grebeshkov and loses puck.
17:35 of 2nd period - Snap shot by Maxim Lapierre.
17:35 of 2nd period - Shot Misses the Net.
18:01 of 2nd period - Wrist shot by Peter Worrell.
18:01 of 2nd period - Stopped by Ryan Miller with a rebound.
18:03 of 2nd period - Slapshot by Steve Montador.
18:03 of 2nd period - Shot Misses the Net.
18:05 of 2nd period - Wrist shot by Matt Stajan.
18:05 of 2nd period - Shot Blocked by Anton Stralman.
18:42 of 2nd period - Wrist shot by Erik Christensen.
18:42 of 2nd period - Stopped by Carey Price without a rebound.
18:43 of 2nd period - Matt Stajan wins face-off versus Tim Connolly in Canucks zone.
19:00 of 2nd period - Backhand shot by Marian Gaborik.
19:00 of 2nd period - Stopped by Carey Price with a rebound.
19:10 of 2nd period - Matt Stajan is hit by Boyd Devereaux and loses puck.
19:59 of 2nd period - Wrist shot by Nikolai Zherdev.
19:59 of 2nd period - Shot Misses the Net.
Goals for this period are 1 for Coyotes vs 2 for Canucks.
Shots for this period are 9 for Coyotes vs 15 for Canucks.
3rd period
0:01 of 3rd period - Tim Connolly wins face-off versus Joe Sakic in neutral zone.
0:06 of 3rd period - Slapshot by Marian Gaborik.
0:06 of 3rd period - Stopped by Carey Price with a rebound.
0:08 of 3rd period - Backhand shot by Marian Gaborik.
0:08 of 3rd period - Shot Misses the Net.
0:10 of 3rd period - Slapshot by Marian Gaborik.
0:10 of 3rd period - Stopped by Carey Price with a rebound.
0:12 of 3rd period - Slapshot by Denis Grebeshkov.
0:12 of 3rd period - Goal by Denis Grebeshkov - Coyotes : 3 - Canucks : 4.
0:13 of 3rd period - Matt Stajan wins face-off versus Brenden Morrow in neutral zone.
1:29 of 3rd period - Snap shot by Lukas Krajicek.
1:29 of 3rd period - Stopped by Carey Price with a rebound.
1:31 of 3rd period - Slapshot by Kurt Sauer.
1:31 of 3rd period - Shot Blocked by Chris Phillips.
2:14 of 3rd period - Wrist shot by Marian Gaborik.
2:14 of 3rd period - Shot Misses the Net.
3:00 of 3rd period - Minor Penalty to Anton Stralman for Hooking.
3:01 of 3rd period - Matt Stajan wins face-off versus Boyd Devereaux in Coyotes zone.
3:07 of 3rd period - Wrist shot by Matt Stajan.
3:07 of 3rd period - Stopped by Ryan Miller with a rebound.
3:09 of 3rd period - Slapshot by Steve Montador.
3:09 of 3rd period - Stopped by Ryan Miller without a rebound.
3:10 of 3rd period - Boyd Devereaux wins face-off versus Matt Stajan in Coyotes zone.
3:54 of 3rd period - Backhand shot by Chris Phillips.
3:54 of 3rd period - Deflect By Clarke MacArthur.
3:54 of 3rd period - Shot Blocked by Kurt Sauer.
3:54 of 3rd period - Puck is out of play.
3:55 of 3rd period - Joe Sakic wins face-off versus Vaclav Varada in Coyotes zone.
5:00 of 3rd period - Penalty to Anton Stralman is over, Anton Stralman is back on ice.
5:05 of 3rd period - Snap shot by Jiri Fischer.
5:05 of 3rd period - Shot Blocked by Chris Phillips.
5:07 of 3rd period - Slapshot by Jiri Fischer.
5:07 of 3rd period - Shot Misses the Net.
5:09 of 3rd period - Wrist shot by Marian Gaborik.
5:09 of 3rd period - Stopped by Carey Price with a rebound.
5:11 of 3rd period - Snap shot by Marian Gaborik.
5:11 of 3rd period - Shot Misses the Net.
5:13 of 3rd period - Slapshot by Jiri Fischer.
5:13 of 3rd period - Shot Blocked by Fabian Brunnstrom.
5:15 of 3rd period - Snap shot by Marian Gaborik.
5:15 of 3rd period - Shot Misses the Net.
5:17 of 3rd period - Slapshot by Jiri Fischer.
5:17 of 3rd period - Shot Misses the Net.
5:19 of 3rd period - Wrist shot by Marian Gaborik.
5:19 of 3rd period - Stopped by Carey Price without a rebound.
5:20 of 3rd period - Frans Nielsen wins face-off versus Alex Tanguay in Canucks zone.
5:21 of 3rd period - Snap shot by Brenden Morrow.
5:21 of 3rd period - Stopped by Carey Price with a rebound.
5:27 of 3rd period - Wrist shot by Frans Nielsen.
5:27 of 3rd period - Deflect By Brenden Morrow.
5:27 of 3rd period - Stopped by Carey Price without a rebound.
5:28 of 3rd period - Ryan Craig wins face-off versus Chris Stewart in Canucks zone.
5:44 of 3rd period - Minor Penalty to Frans Nielsen for Cross-checking.
5:45 of 3rd period - Boyd Devereaux wins face-off versus Matt Stajan in Coyotes zone.
5:52 of 3rd period - Off-side.
5:53 of 3rd period - Jaromir Jagr wins face-off versus Chad Larose in neutral zone.
6:06 of 3rd period - Wrist shot by Matt Stajan.
6:06 of 3rd period - Shot Misses the Net.
6:42 of 3rd period - Wrist shot by Peter Worrell.
6:42 of 3rd period - Deflect By Anton Stralman.
6:42 of 3rd period - Stopped by Ryan Miller without a rebound.
6:43 of 3rd period - Joe Sakic wins face-off versus Boyd Devereaux in Coyotes zone.
6:46 of 3rd period - Snap shot by Clarke MacArthur.
6:46 of 3rd period - Stopped by Ryan Miller with a rebound.
6:48 of 3rd period - Snap shot by Clarke MacArthur.
6:48 of 3rd period - Deflect By Joe Sakic.
6:48 of 3rd period - Goal by Joe Sakic - Coyotes : 3 - Canucks : 5.
6:49 of 3rd period - Tim Connolly wins face-off versus Joe Sakic in neutral zone.
7:22 of 3rd period - Denis Grebeshkov is hit by Steve Montador and loses puck.
8:07 of 3rd period - Backhand shot by Chris Phillips.
8:07 of 3rd period - Stopped by Ryan Miller with a rebound.
9:10 of 3rd period - Kurt Sauer is hit by Maxim Lapierre.
9:33 of 3rd period - Icing by Jeremy Williams.
9:34 of 3rd period - Tim Connolly wins face-off versus Ryan Craig in Canucks zone.
9:45 of 3rd period - Drew Miller is hit by Alex Tanguay and loses puck.
10:07 of 3rd period - Slapshot by Chris Phillips.
10:07 of 3rd period - Shot Blocked by Adrian Aucoin.
10:21 of 3rd period - Minor Penalty to Erik Cole for High sticking.
10:22 of 3rd period - Boyd Devereaux wins face-off versus Matt Stajan in Coyotes zone.
10:22 of 3rd period - Boyd Devereaux is hit by Jaromir Jagr.
10:38 of 3rd period - Wrist shot by Peter Worrell.
10:38 of 3rd period - Shot Blocked by Vaclav Varada.
11:11 of 3rd period - Peter Worrell is hit by Drew Miller and loses puck.
12:21 of 3rd period - Penalty to Erik Cole is over, Erik Cole is back on ice.
13:15 of 3rd period - Slapshot by Adrian Aucoin.
13:15 of 3rd period - Deflect By Boyd Devereaux.
13:15 of 3rd period - Stopped by Carey Price without a rebound.
13:16 of 3rd period - Boyd Devereaux wins face-off versus Maxim Lapierre in Canucks zone.
13:19 of 3rd period - Slapshot by Chad Larose.
13:19 of 3rd period - Stopped by Carey Price with a rebound.
13:31 of 3rd period - Snap shot by Boyd Devereaux.
13:31 of 3rd period - Shot Misses the Net.
13:37 of 3rd period - Boyd Devereaux is hit by Fabian Brunnstrom and loses puck.
13:44 of 3rd period - Snap shot by Maxim Lapierre.
13:44 of 3rd period - Stopped by Ryan Miller without a rebound.
13:45 of 3rd period - Matt Stajan wins face-off versus Tim Connolly in Coyotes zone.
13:50 of 3rd period - Snap shot by Jaromir Jagr.
13:50 of 3rd period - Shot Misses the Net.
13:52 of 3rd period - Snap shot by Peter Worrell.
13:52 of 3rd period - Shot Blocked by Marian Gaborik.
13:54 of 3rd period - Wrist shot by Jaromir Jagr.
13:54 of 3rd period - Shot Misses the Net.
13:56 of 3rd period - Snap shot by Matt Stajan.
13:56 of 3rd period - Shot Misses the Net.
14:03 of 3rd period - Minor Penalty to Marian Gaborik for Roughing.
14:04 of 3rd period - Boyd Devereaux wins face-off versus Matt Stajan in Coyotes zone.
14:40 of 3rd period - Snap shot by Clarke MacArthur.
14:40 of 3rd period - Deflect By Kurt Sauer.
14:40 of 3rd period - Shot Blocked by Kurt Sauer.
14:40 of 3rd period - Puck is out of play.
14:41 of 3rd period - Boyd Devereaux wins face-off versus Matt Stajan in Coyotes zone.
14:41 of 3rd period - Boyd Devereaux is hit by Chris Phillips.
14:49 of 3rd period - Slapshot by Matt Stajan.
14:49 of 3rd period - Shot Misses the Net.
14:51 of 3rd period - Slapshot by Sami Lepisto.
14:51 of 3rd period - Shot Misses the Net.
14:53 of 3rd period - Slapshot by Sami Lepisto.
14:53 of 3rd period - Shot Misses the Net.
14:55 of 3rd period - Slapshot by Sami Lepisto.
14:55 of 3rd period - Deflect By Anton Stralman.
14:55 of 3rd period - Stopped by Ryan Miller without a rebound.
14:56 of 3rd period - Boyd Devereaux wins face-off versus Jaromir Jagr in Coyotes zone.
15:09 of 3rd period - Snap shot by Jaromir Jagr.
15:09 of 3rd period - Shot Blocked by Jiri Fischer.
15:11 of 3rd period - Snap shot by Kim Johnsson.
15:11 of 3rd period - Deflect By Matt Stajan.
15:11 of 3rd period - Stopped by Ryan Miller without a rebound.
15:12 of 3rd period - Boyd Devereaux wins face-off versus Joe Sakic in Coyotes zone.
15:46 of 3rd period - Backhand shot by Chris Phillips.
15:46 of 3rd period - Deflect By Jaromir Jagr.
15:46 of 3rd period - Shot Blocked by Jiri Fischer.
15:46 of 3rd period - Puck is out of play.
15:47 of 3rd period - Peter Worrell wins face-off versus Vaclav Varada in Coyotes zone.
15:59 of 3rd period - Icing by Peter Worrell.
16:00 of 3rd period - Chad Larose wins face-off versus Peter Worrell in Canucks zone.
16:03 of 3rd period - Penalty to Marian Gaborik is over, Marian Gaborik is back on ice.
16:23 of 3rd period - Chad Larose is hit by Sami Lepisto and loses puck.
16:52 of 3rd period - Snap shot by Matt Stajan.
16:52 of 3rd period - Stopped by Ryan Miller without a rebound.
16:53 of 3rd period - Erik Christensen wins face-off versus Maxim Lapierre in Coyotes zone.
18:44 of 3rd period - Snap shot by Erik Cole.
18:44 of 3rd period - Shot Misses the Net.
18:55 of 3rd period - Alex Tanguay is hit by Boyd Devereaux and loses puck.
19:44 of 3rd period - Icing by Jiri Fischer.
19:45 of 3rd period - Boyd Devereaux wins face-off versus Matt Stajan in Coyotes zone.
19:56 of 3rd period - Icing by Marian Gaborik.
19:57 of 3rd period - Boyd Devereaux wins face-off versus Joe Sakic in Coyotes zone.
Goals for this period are 1 for Coyotes vs 1 for Canucks.
Shots for this period are 10 for Coyotes vs 10 for Canucks.
Output by the SimonT Hockey Simulator (STHS) for François Prévost -- Original Page W3C XHTML 1.0 Valid